SDFK, neutral female scurrid Tourist ------ |f...| |@...| |....| ...... |....| ----.- SDFK the Rambler Experience level: 1 Strength: 11 Dexterity: 11 Constitution: 13 Intelligence: 16 Wisdom: 9 Charisma: 18 Health: 0(10) Energy: 2(2) Def: 0 Gold: 263 Moves: 35 Dungeon seed: K3d1WAbodBZr-7nv Game ID: SDFK_1498725007 Your Inventory: Coins $ - 263 gold pieces Weapons a - 40 blessed +2 darts (in quiver) Armor e - a blessed +0 Hawaiian shirt (being worn) Comestibles b - 3 uncursed food rations c - 2 uncursed tripe rations d - 2 uncursed eggs f - an uncursed orange g - 2 uncursed bananas h - an uncursed fortune cookie Scrolls k - 3 uncursed scrolls of magic mapping l - a blessed scroll of magic mapping q - an uncursed scroll of water Potions j - an uncursed potion of extra healing Wands o - an uncursed wand of secret door detection (0:14) Tools m - an uncursed expensive camera (0:34) n - an uncursed credit card p - an uncursed tin opener Spells and supernatural/magical abilities: Name Level Category Fail Memory W - pray for help -- divine ? -- Your skills at the end: Miscellaneous Skills wands [Basic] Weapon Skills dart [Basic] Spellcasting Skills Final Attributes: You were devoutly aligned. You had infravision. You were very stealthy. You are dead. Voluntary challenges: You went without food. You did not adorn yourself with jewelry or accessories. You did not cause conflict. You were not invisible. You did not have reflection. You were not displaced. You were an atheist. You never hit with a wielded weapon. You were a pacifist. You did not use containers. You did not apply a unicorn horn. You did not use plumbed fixtures. You were illiterate. You never genocided any monsters. You never polymorphed an object. You never changed form. You used no wishes. You never split a pudding. You never wrote Elbereth's name. You never violated your personal moral code. Dungeon overview: The Dungeons of Doom: levels 1 to 12 Level 1 a long staircase Level 2 a delicatessen Level 3 Level 4 Level 5 a fountain Level 6 Level 7 Level 8 Level 9 a fountain Level 10 a fountain Level 11 Level 12 <- You were here History has recorded: On T:1 you entered the Dungeons of Doom to retrieve the Amulet of Yendor! On T:9 you reached level 2 of The Dungeons of Doom. On T:11 you reached level 3 of The Dungeons of Doom. On T:13 you reached level 4 of The Dungeons of Doom. On T:16 you reached level 5 of The Dungeons of Doom. On T:19 you reached level 6 of The Dungeons of Doom. On T:22 you reached level 7 of The Dungeons of Doom. On T:24 you reached level 8 of The Dungeons of Doom. On T:26 you reached level 9 of The Dungeons of Doom. On T:28 you reached level 10 of The Dungeons of Doom. On T:31 you reached level 11 of The Dungeons of Doom. On T:34 you reached level 12 of The Dungeons of Doom. Score breakdown: Gold: 0 ( 0 points) Experience: 1 level ( 0 points) Exploration: 12 levels ( 330 points) Discoveries: 2 items ( 100 points) Variety of kills: 0 monsters ( 0 points) Major goal: (nothing yet) ( 0 points) Survival: died (score multiplied by 3) Total score: 1290 Latest messages: You dig a pit in the floor. You continue digging downward. You dig a hole through the floor. You fall through... You start digging downward. You continue digging downward. You dig a pit in the floor. You continue digging downward. You dig a hole through the floor. You fall through... You start digging downward. You continue digging downward. You dig a pit in the floor. You continue digging downward. You dig a hole through the floor. You fall through... You receive a faint telepathic message from Twoflower: Your help is urgently needed at Ankh-Morpork! Look for a ...ic transporter. You couldn't quite make out that last message. q - a scroll labeled YUM YUM. The kitten bites! (2x) You die... Final status: Aloha SDFK the Tourist, killed by a kitten... You died in The Dungeons of Doom on dungeon level 12 with 1290 points, and 263 pieces of gold, after 35 moves. You were level 1 with a maximum of 10 hit points when you died.